Workbook

Sheet Amortissements original
A1: AMORTISSEMENTS
A3: Véhicule / Machine: | B3: Date achat: | C3: Durée (mois): | D3: Prix HTVA: | E3: % util. pro.: | F3: % déduct.: | G3: Amort. Total :
A4: Voiture unetelle | B4: 45252 | C4: 36 | D4: 14000 | E4: 0.75 | F4: 0.67 | G4: =IF(D4,D4*E4*F4,"") -> 7035
A5: Exemple erreur 1 | B5: 45297 | C5: 36 | D5: 14000 | E5: 0.75 | F5: 0.67 | G5: =IF(D5,D5*E5*F5,"") -> 7035
A6: Exemple erreur 2 | B6: 45297 | C6: 36 | D6: 14000 | E6: 0.75 | F6: 0.67 | G6: =IF(D6,D6*E6*F6,"") -> 7035
G7: =IF(D7,D7*E7*F7,"")
A9: Amortissement 1: | B9: =IF(OR(A4=""),"",A4) -> Voiture unetelle | E9: Date de fin présumée : | G9: =IF(C4,EDATE(B4,C4),"") -> 46348 | H9: Nb. Jours total de la durée présumée: | I9: =G9-B4 -> 1096
H10: Valeur /jour: | I10: =G4/I9 -> 6.4187956
A11: Calcul | B11: Amort.: | C11: Date achat : | D11: Date revente : | E11: Valeur résid.: | F11: TVA 21 %: | H11: Nb. Jours restants entre date revente et date présumée: | I11: Nb. Jours entre début du trimestre et revente: | J11: Nb. Jours entre achat et fin du trimestre: | K11: Nb jours Entre date achat et date revente:
A12: Trimestre 1: | B12: =IF(D$4="","",IF(D12="",G$4/C$4*3,I$10*I12)) -> 586.25 | E12: =IF(D12,I10*H12,"") | F12: =IF(D12,E12*21%,"") | H12: =G9-D12 -> 46348 | I12: =D12-DATE('Année comptable'!A1,1,1) -> -45292 | J12: =DATE('Année comptable'!A1,3,32)-B4 -> 131 | K12: =D12-C12 -> 0
A13: Trimestre 2: | B13: =IF(OR(D$4="",COUNTA(D$12:D12)>=1),"",IF(D13="",G$4/C$4*3,I$10*I13)) -> 586.25 | E13: =IF(D13,I10*H13,"") | F13: =IF(D13,E13*21%,"") | H13: =G9-D13 -> 46348 | I13: =D13-DATE('Année comptable'!A1,4,1) -> -45383 | J13: =DATE('Année comptable'!A1,6,31)-B4 -> 222 | K13: =D13-C13 -> 0
A14: Trimestre 3: | B14: =IF(OR(D$4="",COUNTA(D$12:D13)>=1),"",IF(D14="",G$4/C$4*3,I$10*I14)) -> 586.25 | E14: =IF(D14,I10*H14,"") | F14: =IF(D14,E14*21%,"") | H14: =G9-D14 -> 46348 | I14: =D14-DATE('Année comptable'!A1,7,1) -> -45474 | J14: =DATE('Année comptable'!A1,9,31)-B4 -> 314 | K14: =D14-C14 -> 0
A15: Trimestre 4: | B15: =IF(OR(D$4="",COUNTA(D$12:D14)>=1),"",IF(D15="",G$4/C$4*3,I$10*I15)) -> 586.25 | E15: =IF(D15,I10*H15,"") | F15: =IF(D15,E15*21%,"") | H15: =G9-D15 -> 46348 | I15: =D15-DATE('Année comptable'!A1,10,1) -> -45566 | J15: =DATE('Année comptable'!A1,12,32)-B4 -> 406 | K15: =D15-C15 -> 0
A17: Amort. Annuel : | B17: =SUM(B12:B15) -> 2345
A19: Amortissement 2: | B19: =IF(OR(A5=""),"",A5) -> Exemple erreur 1 | E19: Date de fin présumée : | G19: =IF(C5,EDATE(B5,C5),"") -> 46393 | H19: Nb. Jours total de la durée présumée: | I19: =G19-B5 -> 1096
H20: Valeur /jour: | I20: =G5/I19 -> 6.4187956
A21: Calcul | B21: Amort.: | C21: Date achat : | D21: Date revente : | E21: Valeur résid.: | F21: TVA 21 %: | H21: Nb. Jours restants entre date revente et date présumée: | I21: Nb. Jours entre début du trimestre et revente: | J21: Nb. Jours entre achat et fin du trimestre: | K21: Nb jours Entre date achat et date revente:
A22: Trimestre 1: | B22: =IF(D$5="","",IF(D22="",G$5/C$5*3,I$20*I22)) -> 586.25 | E22: =IF(D22,I20*H22,"") | F22: =IF(D22,E22*21%,"") | H22: =G19-D22 -> 46393 | I22: =D22-DATE('Année comptable'!A1,1,1) -> -45292 | J22: =DATE('Année comptable'!A1,3,32)-B5 -> 86 | K22: =D22-C22 -> 0
A23: Trimestre 2: | B23: =IF(OR(D$5="",COUNTA(D$22:D22)>=1),"",IF(D23="",G$5/C$5*3,I$20*I23)) -> 577.69161 | D23: 45473 | E23: =IF(D23,I20*H23,"") -> 5905.292 | F23: =IF(D23,E23*21%,"") -> 1240.1113 | H23: =G19-D23 -> 920 | I23: =D23-DATE('Année comptable'!A1,4,1) -> 90 | J23: =DATE('Année comptable'!A1,6,31)-B5 -> 177 | K23: =D23-C23 -> 45473
A24: Trimestre 3: | B24: =IF(OR(D$5="",COUNTA(D$22:D23)>=1),"",IF(D24="",G$5/C$5*3,I$20*I24)) | E24: =IF(D24,I20*H24,"") | F24: =IF(D24,E24*21%,"") | H24: =G19-D24 -> 46393 | I24: =D24-DATE('Année comptable'!A1,7,1) -> -45474 | J24: =DATE('Année comptable'!A1,9,31)-B5 -> 269 | K24: =D24-C24 -> 0
A25: Trimestre 4: | B25: =IF(OR(D$5="",COUNTA(D$22:D24)>=1),"",IF(D25="",G$5/C$5*3,I$20*I25)) | E25: =IF(D25,I20*H25,"") | F25: =IF(D25,E25*21%,"") | H25: =G19-D25 -> 46393 | I25: =D25-DATE('Année comptable'!A1,10,1) -> -45566 | J25: =DATE('Année comptable'!A1,12,32)-B5 -> 361 | K25: =D25-C25 -> 0
A27: Amort. Annuel : | B27: =SUM(B22:B25) -> 1163.9416
A29: Amortissement 3: | B29: =IF(OR(A6=""),"",A6) -> Exemple erreur 2 | E29: Date de fin présumée : | G29: =IF(C6,EDATE(B6,C6),"") -> 46393 | H29: Nb. Jours total de la durée présumée: | I29: =G29-B6 -> 1096
H30: Valeur /jour: | I30: =G6/I29 -> 6.4187956
A31: Calcul | B31: Amort.: | C31: Date achat : | D31: Date revente : | E31: Valeur résid.: | F31: TVA 21 %: | H31: Nb. Jours restants entre date revente et date présumée: | I31: Nb. Jours entre début du trimestre et revente: | J31: Nb. Jours entre achat et fin du trimestre: | K31: Nb jours Entre date achat et date revente:
A32: Trimestre 1: | B32: =IF(D$6="","",IF(D32="",G$6/C$6*3,I$30*I32)) -> 38.512774 | D32: 45298 | E32: =IF(D32,I30*H32,"") -> 7028.5812 | F32: =IF(D32,E32*21%,"") -> 1476.0021 | H32: =G29-D32 -> 1095 | I32: =D32-DATE('Année comptable'!A1,1,1) -> 6 | J32: =DATE('Année comptable'!A1,3,32)-B6 -> 86 | K32: =D32-C32 -> 45298
A33: Trimestre 2: | B33: =IF(OR(D$6="",COUNTA(D$32:D32)>=1),"",IF(D33="",G$6/C$6*3,I$30*I33)) | E33: =IF(D33,I30*H33,"") | F33: =IF(D33,E33*21%,"") | H33: =G29-D33 -> 46393 | I33: =D33-DATE('Année comptable'!A1,4,1) -> -45383 | J33: =DATE('Année comptable'!A1,6,31)-B6 -> 177 | K33: =D33-C33 -> 0
A34: Trimestre 3: | B34: =IF(OR(D$6="",COUNTA(D$32:D33)>=1),"",IF(D34="",G$6/C$6*3,I$30*I34)) | E34: =IF(D34,I30*H34,"") | F34: =IF(D34,E34*21%,"") | H34: =G29-D34 -> 46393 | I34: =D34-DATE('Année comptable'!A1,7,1) -> -45474 | J34: =DATE('Année comptable'!A1,9,31)-B6 -> 269 | K34: =D34-C34 -> 0
A35: Trimestre 4: | B35: =IF(OR(D$6="",COUNTA(D$32:D34)>=1),"",IF(D35="",G$6/C$6*3,I$30*I35)) | E35: =IF(D35,I30*H35,"") | F35: =IF(D35,E35*21%,"") | H35: =G29-D35 -> 46393 | I35: =D35-DATE('Année comptable'!A1,10,1) -> -45566 | J35: =DATE('Année comptable'!A1,12,32)-B6 -> 361 | K35: =D35-C35 -> 0
A37: Amort. Annuel : | B37: =SUM(B32:B35) -> 38.512774
A39: Amortissement 4: | B39: =IF(OR(A7=""),"",A7) | E39: Date de fin présumée : | G39: =IF(C7,EDATE(B7,C7),"") | H39: Nb. Jours total de la durée présumée: | I39: =G39-B7 -> #VALUE!
H40: Valeur /jour: | I40: =G7/I39 -> #VALUE!
A41: Calcul | B41: Amort.: | C41: Date achat : | D41: Date revente : | E41: Valeur résid.: | F41: TVA 21 %: | H41: Nb. Jours restants entre date revente et date présumée: | I41: Nb. Jours entre début du trimestre et revente: | J41: Nb. Jours entre achat et fin du trimestre: | K41: Nb jours Entre date achat et date revente:
A42: Trimestre 1: | B42: =IF(D$7="","",IF(D42="",G$7/C$7*3,I$40*I42)) | E42: =IF(D42,I40*H42,"") | F42: =IF(D42,E42*21%,"") | H42: =G39-D42 -> #VALUE! | I42: =D42-DATE('Année comptable'!A1,1,1) -> -45292 | J42: =DATE('Année comptable'!A1,3,32)-B7 -> 45383 | K42: =D42-C42 -> 0
A43: Trimestre 2: | B43: =IF(OR(D$7="",COUNTA(D$42:D42)>=1),"",IF(D43="",G$7/C$7*3,I$40*I43)) | E43: =IF(D43,I40*H43,"") | F43: =IF(D43,E43*21%,"") | H43: =G39-D43 -> #VALUE! | I43: =D43-DATE('Année comptable'!A1,4,1) -> -45383 | J43: =DATE('Année comptable'!A1,6,31)-B7 -> 45474 | K43: =D43-C43 -> 0
A44: Trimestre 3: | B44: =IF(OR(D$7="",COUNTA(D$42:D43)>=1),"",IF(D44="",G$7/C$7*3,I$40*I44)) | E44: =IF(D44,I40*H44,"") | F44: =IF(D44,E44*21%,"") | H44: =G39-D44 -> #VALUE! | I44: =D44-DATE('Année comptable'!A1,7,1) -> -45474 | J44: =DATE('Année comptable'!A1,9,31)-B7 -> 45566 | K44: =D44-C44 -> 0
A45: Trimestre 4: | B45: =IF(OR(D$7="",COUNTA(D$42:D44)>=1),"",IF(D45="",G$7/C$7*3,I$40*I45)) | E45: =IF(D45,I40*H45,"") | F45: =IF(D45,E45*21%,"") | H45: =G39-D45 -> #VALUE! | I45: =D45-DATE('Année comptable'!A1,10,1) -> -45566 | J45: =DATE('Année comptable'!A1,12,32)-B7 -> 45658 | K45: =D45-C45 -> 0
A47: Amort. Annuel : | B47: =SUM(B42:B45) -> 0

Sheet Année comptable
A1: 2024
C2: Tableau inutile pour les calculs, utile uniquement pour avoir une vue d'ensemble
E4: Revente anticipée | G4: Revente anticipée pendant le trimestre d'achat | I4: Revente anticipée Après le trimestre d'achat
D5: Pas de revente anticipée | E5: Le dernier jour du trimestre | F5: Avant le dernier jour du trimestre | G5: Le dernier jour du trimestre | H5: Avant le dernier jour du trimestre | I5: Le dernier jour du trimestre | J5: Avant le dernier jour du trimestre
C6: Achat Avant année comptable | D6: 1 | E6: 2 | F6: 3
C7: Achat Pendant année comptable | D7: 4 | G7: 5 | H7: 6 | I7: 7 | J7: 8

Sheet Amortissements version SP
A1: AMORTISSEMENTS
K2: Les cellules avec ce remplissage ne peuvent pas simplement être copiées et collées vers le bas car elles contiennent des références absolues; elles doivent donc être adaptées manuellement, et c'est un peu fastidieux!
A3: Véhicule / Machine: | B3: Date achat: | C3: Durée (mois): | D3: Prix HTVA: | E3: % util. pro.: | F3: % déduct.: | G3: Amort. Total :
A4: Voiture unetelle | B4: 44887 | C4: 36 | D4: 14000 | E4: 0.75 | F4: 0.67 | G4: =IF(D4,D4*E4*F4,0) -> 7035 | J4: Colonnes H à M: | K4: Calculs du nombre de jours. Remarque: par exemples, du 13.03 au 14.03 cela compte 2 jours, et du 15.03 au 15.03 cela compte 1 jour.
A5: Exemple erreur 1 | B5: 44583 | C5: 30 | D5: 14000 | E5: 0.75 | F5: 0.67 | G5: =IF(D5,D5*E5*F5,0) -> 7035 | J5: Colonne N: | K5: Pour "reconnaître" le numéro du cas, en fonction des dates d'achat et dates de revente. Les 8 différents cas sont dans un tableau visible sur l'onglet nommé "Année comptable"
A6: Exemple erreur 2 | B6: 45297 | C6: 36 | D6: 14000 | E6: 0.75 | F6: 0.67 | G6: =IF(D6,D6*E6*F6,0) -> 7035 | J6: Colonnes O à V: | K6: Calculs des amortissements pour les 8 cas existants, mais de ceux-ci il n'y en a qu'un seul qui sera pris en considération. (ne pas trop s'y attarder !)
G7: =IF(D7,D7*E7*F7,0) -> 0 | J7: Colonne B: | K7: affichage du résultat provenant de l'une des colonnes O à V, selon le cas (de 1 à 8)
A9: Amortissement 1: | B9: =IF(OR(A4=""),"",A4) -> Voiture unetelle | E9: Date de fin présumée : | G9: =IF(C4,EDATE(B4,C4),"") -> 45983 | H9: Durée totale présumée: | I9: =G9-B4 -> 1096
H10: Valeur /jour: | I10: =G4/I9 -> 6.4187956 | L10: Formules corrigées | N10: =SUM(N12:N15) -> 1
A11: Calcul | B11: Amort.: | C11: Date achat : | D11: Date revente : | E11: Valeur résid.: | F11: TVA 21 %: | H11: De la revente à la fin présumée | I11: Du début du trimestre à la revente | J11: De la revente à la fin du trimestre. | K11: Du début du trimestre à l'achat | L11: De l'achat à la fin du trimestre | M11: De l'achat à la revente | N11: Cas N° ? | O11: 1 | P11: 2 | Q11: 3 | R11: 4 | S11: 5 | T11: 6 | U11: 7 | V11: 8
A12: Trimestre 1: | B12: =HLOOKUP(N$10,$O$11:$V$15,2) -> 586.25 | E12: =IF(D12,I10*H12,"") | F12: =IF(D12,E12*21%,"") | H12: =IF(D12<>"",1+G$9-D12,0) -> 0 | I12: =IF(D12<>"",1+D12-DATE('Année comptable'!A$1,1,1),0) -> 0 | J12: =IF(D12<>"",1+DATE('Année comptable'!A$1,3,31)-D12,0) -> 0 | K12: =IF(C12<>"",1+C12-DATE('Année comptable'!A$1,1,1),0) -> 0 | L12: =IF(C12<>"",1+DATE('Année comptable'!A$1,3,31)-C12,0) -> 0 | M12: =IF(AND(C12<>"",D12<>""),1+D12-C12,0) -> 0 | N12: =IF(SUM(K12:K15)=0,IF(SUM(I12:I15)=0,1,IF(SUM(J12:J15)=1,2,3)),0) -> 1 | O12: =G$4/C$4*3 -> 586.25 | P12: =IF(SUM(I12:I$15)>0,G$4/C$4*3,0) -> 0 | Q12: =IF(AND(SUM(I12:I$15)>0,I12=0),G$4/C$4*3,I$10*I12) -> 0 | R12: =IF(K12=1,G$4/C$4*3,L12*I$10) -> 0 | S12: =IF(K12=1,G$4/C$4*3,M12*I$10) -> 0 | T12: =M12*I$10 -> 0 | U12: =IF(L12=0,0,IF(K12=1,G$4/C$4*3,L12*I$10)) -> 0 | V12: =IF(L12=0,0,IF(K12=1,G$4/C$4*3,L12*I$10)) -> 0
A13: Trimestre 2: | B13: =HLOOKUP(N$10,$O$11:$V$15,3) -> 586.25 | E13: =IF(D13,I10*H13,"") | F13: =IF(D13,E13*21%,"") | H13: =IF(D13<>"",1+G$9-D13,0) -> 0 | I13: =IF(D13<>"",1+D13-DATE('Année comptable'!A$1,4,1),0) -> 0 | J13: =IF(D13<>"",1+DATE('Année comptable'!A$1,6,30)-D13,0) -> 0 | K13: =IF(C13<>"",1+C13-DATE('Année comptable'!A$1,4,1),0) -> 0 | L13: =IF(C13<>"",1+DATE('Année comptable'!A$1,6,30)-C13,0) -> 0 | M13: =IF(AND(C13<>"",D13<>""),1+D13-C13,0) -> 0 | N13: =IF(AND(SUM(K12:K15)>0,SUM(I12:I15)=0),4,0) -> 0 | O13: =G$4/C$4*3 -> 586.25 | P13: =IF(SUM(I13:I$15)>0,G$4/C$4*3,0) -> 0 | Q13: =IF(AND(SUM(I13:I$15)>0,I13=0),G$4/C$4*3,I$10*I13) -> 0 | R13: =IF(OR(K13=1,SUM(L$12:L12)>1),G$4/C$4*3,I$10*L13) -> 0 | S13: =IF(K13=1,G$4/C$4*3,M13*I$10) -> 0 | T13: =M13*I$10 -> 0 | U13: =IF(OR(SUM(L$12:L13)=0,SUM(J13:J$15)=0),0,IF(K13>1,L13*I$10,G$4/C$4*3)) -> 0 | V13: =IF(OR(SUM(L$12:L13)=0,SUM(J13:J$15)=0),0,IF(J13>1,I13*I$10,G$4/C$4*3)) -> 0
A14: Trimestre 3: | B14: =HLOOKUP(N$10,$O$11:$V$15,4) -> 586.25 | E14: =IF(D14,I10*H14,"") | F14: =IF(D14,E14*21%,"") | H14: =IF(D14<>"",1+G$9-D14,0) -> 0 | I14: =IF(D14<>"",1+D14-DATE('Année comptable'!A$1,7,1),0) -> 0 | J14: =IF(D14<>"",1+DATE('Année comptable'!A$1,9,30)-D14,0) -> 0 | K14: =IF(C14<>"",1+C14-DATE('Année comptable'!A$1,7,1),0) -> 0 | L14: =IF(C14<>"",1+DATE('Année comptable'!A$1,9,30)-C14,0) -> 0 | M14: =IF(AND(C14<>"",D14<>""),1+D14-C14,0) -> 0 | N14: =IF(AND(SUM(K12:K15)>0,SUM(M12:M15)>0),IF(SUM(J12:J15)=1,5,6),0) -> 0 | O14: =G$4/C$4*3 -> 586.25 | P14: =IF(SUM(I14:I$15)>0,G$4/C$4*3,0) -> 0 | Q14: =IF(AND(SUM(I14:I$15)>0,I14=0),G$4/C$4*3,I$10*I14) -> 0 | R14: =IF(OR(K14=1,SUM(L$12:L13)>1),G$4/C$4*3,I$10*L14) -> 0 | S14: =IF(K14=1,G$4/C$4*3,M14*I$10) -> 0 | T14: =M14*I$10 -> 0 | U14: =IF(OR(SUM(L$12:L14)=0,SUM(J14:J$15)=0),0,IF(K14>1,L14*I$10,G$4/C$4*3)) -> 0 | V14: =IF(OR(SUM(L$12:L14)=0,SUM(J14:J$15)=0),0,IF(J14>1,I14*I$10,G$4/C$4*3)) -> 0
A15: Trimestre 4: | B15: =HLOOKUP(N$10,$O$11:$V$15,5) -> 586.25 | E15: =IF(D15,I10*H15,"") | F15: =IF(D15,E15*21%,"") | H15: =IF(D15<>"",1+G$9-D15,0) -> 0 | I15: =IF(D15<>"",1+D15-DATE('Année comptable'!A$1,10,1),0) -> 0 | J15: =IF(D15<>"",1+DATE('Année comptable'!A$1,12,31)-D15,0) -> 0 | K15: =IF(C15<>"",1+C15-DATE('Année comptable'!A$1,10,1),0) -> 0 | L15: =IF(C15<>"",1+DATE('Année comptable'!A$1,12,31)-C15,0) -> 0 | M15: =IF(AND(C15<>"",D15<>""),1+D15-C15,0) -> 0 | N15: =IF(AND(SUM(K12:K15)>0,SUM(M12:M15)=0,SUM(I12:I15)>0),IF(SUM(J12:J15)=1,7,8),0) -> 0 | O15: =G$4/C$4*3 -> 586.25 | P15: =IF(SUM(I15:I$15)>0,G$4/C$4*3,0) -> 0 | Q15: =IF(AND(SUM(I15:I$15)>0,I15=0),G$4/C$4*3,I$10*I15) -> 0 | R15: =IF(OR(K15=1,SUM(L$12:L14)>1),G$4/C$4*3,I$10*L15) -> 0 | S15: =IF(K15=1,G$4/C$4*3,M15*I$10) -> 0 | T15: =M15*I$10 -> 0 | U15: =IF(OR(SUM(L$12:L15)=0,SUM(J15:J$15)=0),0,IF(K15>1,L15*I$10,G$4/C$4*3)) -> 0 | V15: =IF(OR(SUM(L$12:L15)=0,SUM(J15:J$15)=0),0,IF(J15>1,I15*I$10,G$4/C$4*3)) -> 0
A17: Amort. Annuel : | B17: =SUM(B12:B15) -> 2345
A19: Amortissement 2: | B19: =IF(OR(A5=""),"",A5) -> Exemple erreur 1 | E19: Date de fin présumée : | G19: =IF(C5,EDATE(B5,C5),"") -> 45495 | H19: Durée totale présumée: | I19: =G19-B5 -> 912
H20: Valeur /jour: | I20: =G5/I19 -> 7.7138158 | N20: =SUM(N22:N25) -> 6
A21: Calcul | B21: Amort.: | C21: Date achat : | D21: Date revente : | E21: Valeur résid.: | F21: TVA 21 %: | H21: De la revente à la fin présumée | I21: Du début du trimestre à la revente | J21: De la revente à la fin du trimestre. | K21: Du début du trimestre à l'achat | L21: De l'achat à la fin du trimestre | M21: De l'achat à la revente | N21: Cas N° ? | O21: 1 | P21: 2 | Q21: 3 | R21: 4 | S21: 5 | T21: 6 | U21: 7 | V21: 8
A22: Trimestre 1: | B22: =HLOOKUP(N$20,$O$21:$V$25,2) -> 0 | E22: =IF(D22,I20*H22,"") | F22: =IF(D22,E22*21%,"") | H22: =IF(D22<>"",1+G$19-D22,0) -> 0 | I22: =IF(D22<>"",1+D22-DATE('Année comptable'!A$1,1,1),0) -> 0 | J22: =IF(D22<>"",1+DATE('Année comptable'!A$1,3,31)-D22,0) -> 0 | K22: =IF(C22<>"",1+C22-DATE('Année comptable'!A$1,1,1),0) -> 0 | L22: =IF(C22<>"",1+DATE('Année comptable'!A$1,3,31)-C22,0) -> 0 | M22: =IF(AND(C22<>"",D22<>""),1+D22-C22,0) -> 0 | N22: =IF(SUM(K22:K25)=0,IF(SUM(I22:I25)=0,1,IF(SUM(J22:J25)=1,2,3)),0) -> 0 | O22: =G$5/C$5*3 -> 703.5 | P22: =IF(SUM(I22:I$25)>0,G$5/C$5*3,0) -> 703.5 | Q22: =IF(AND(SUM(I22:I$25)>0,I22=0),G$5/C$5*3,I$20*I22) -> 703.5 | R22: =IF(K22=1,G$5/C$5*3,L22*I$20) -> 0 | S22: =IF(K22=1,G$5/C$5*3,M22*I$20) -> 0 | T22: =M22*I$20 -> 0 | U22: =IF(L22=0,0,IF(K22=1,G$5/C$5*3,L22*I$20)) -> 0 | V22: =IF(L22=0,0,IF(K22=1,G$5/C$5*3,L22*I$20)) -> 0
A23: Trimestre 2: | B23: =HLOOKUP(N$20,$O$21:$V$25,3) -> 462.82895 | C23: 45394 | D23: 45453 | E23: =IF(D23,I20*H23,"") -> 331.69408 | F23: =IF(D23,E23*21%,"") -> 69.655757 | H23: =IF(D23<>"",1+G$19-D23,0) -> 43 | I23: =IF(D23<>"",1+D23-DATE('Année comptable'!A$1,4,1),0) -> 71 | J23: =IF(D23<>"",1+DATE('Année comptable'!A$1,6,30)-D23,0) -> 21 | K23: =IF(C23<>"",1+C23-DATE('Année comptable'!A$1,4,1),0) -> 12 | L23: =IF(C23<>"",1+DATE('Année comptable'!A$1,6,30)-C23,0) -> 80 | M23: =IF(AND(C23<>"",D23<>""),1+D23-C23,0) -> 60 | N23: =IF(AND(SUM(K22:K25)>0,SUM(I22:I25)=0),4,0) -> 0 | O23: =G$5/C$5*3 -> 703.5 | P23: =IF(SUM(I23:I$25)>0,G$5/C$5*3,0) -> 703.5 | Q23: =IF(AND(SUM(I23:I$25)>0,I23=0),G$5/C$5*3,I$20*I23) -> 547.68092 | R23: =IF(OR(K23=1,SUM(L$22:L22)>1),G$5/C$5*3,I$20*L23) -> 617.10526 | S23: =IF(K23=1,G$5/C$5*3,M23*I$20) -> 462.82895 | T23: =M23*I$20 -> 462.82895 | U23: =IF(OR(SUM(L$22:L23)=0,SUM(J23:J$25)=0),0,IF(K23>1,L23*I$20,G$5/C$5*3)) -> 617.10526 | V23: =IF(OR(SUM(L$22:L23)=0,SUM(J23:J$25)=0),0,IF(J23>1,I23*I$20,G$5/C$5*3)) -> 547.68092
A24: Trimestre 3: | B24: =HLOOKUP(N$20,$O$21:$V$25,4) -> 0 | E24: =IF(D24,I20*H24,"") | F24: =IF(D24,E24*21%,"") | H24: =IF(D24<>"",1+G$19-D24,0) -> 0 | I24: =IF(D24<>"",1+D24-DATE('Année comptable'!A$1,7,1),0) -> 0 | J24: =IF(D24<>"",1+DATE('Année comptable'!A$1,9,30)-D24,0) -> 0 | K24: =IF(C24<>"",1+C24-DATE('Année comptable'!A$1,7,1),0) -> 0 | L24: =IF(C24<>"",1+DATE('Année comptable'!A$1,9,30)-C24,0) -> 0 | M24: =IF(AND(C24<>"",D24<>""),1+D24-C24,0) -> 0 | N24: =IF(AND(SUM(K22:K25)>0,SUM(M22:M25)>0),IF(SUM(J22:J25)=1,5,6),0) -> 6 | O24: =G$5/C$5*3 -> 703.5 | P24: =IF(SUM(I24:I$25)>0,G$5/C$5*3,0) -> 0 | Q24: =IF(AND(SUM(I24:I$25)>0,I24=0),G$5/C$5*3,I$20*I24) -> 0 | R24: =IF(OR(K24=1,SUM(L$22:L23)>1),G$5/C$5*3,I$20*L24) -> 703.5 | S24: =IF(K24=1,G$5/C$5*3,M24*I$20) -> 0 | T24: =M24*I$20 -> 0 | U24: =IF(OR(SUM(L$22:L24)=0,SUM(J24:J$25)=0),0,IF(K24>1,L24*I$20,G$5/C$5*3)) -> 0 | V24: =IF(OR(SUM(L$22:L24)=0,SUM(J24:J$25)=0),0,IF(J24>1,I24*I$20,G$5/C$5*3)) -> 0
A25: Trimestre 4: | B25: =HLOOKUP(N$20,$O$21:$V$25,5) -> 0 | E25: =IF(D25,I20*H25,"") | F25: =IF(D25,E25*21%,"") | H25: =IF(D25<>"",1+G$19-D25,0) -> 0 | I25: =IF(D25<>"",1+D25-DATE('Année comptable'!A$1,10,1),0) -> 0 | J25: =IF(D25<>"",1+DATE('Année comptable'!A$1,12,31)-D25,0) -> 0 | K25: =IF(C25<>"",1+C25-DATE('Année comptable'!A$1,10,1),0) -> 0 | L25: =IF(C25<>"",1+DATE('Année comptable'!A$1,12,31)-C25,0) -> 0 | M25: =IF(AND(C25<>"",D25<>""),1+D25-C25,0) -> 0 | N25: =IF(AND(SUM(K22:K25)>0,SUM(M22:M25)=0,SUM(I22:I25)>0),IF(SUM(J22:J25)=1,7,8),0) -> 0 | O25: =G$5/C$5*3 -> 703.5 | P25: =IF(SUM(I$25:I25)>0,G$5/C$5*3,0) -> 0 | Q25: =IF(AND(SUM(I$25:I25)>0,I25=0),G$5/C$5*3,I$20*I25) -> 0 | R25: =IF(OR(K25=1,SUM(L$22:L24)>1),G$5/C$5*3,I$20*L25) -> 703.5 | S25: =IF(K25=1,G$5/C$5*3,M25*I$20) -> 0 | T25: =M25*I$20 -> 0 | U25: =IF(OR(SUM(L$22:L25)=0,SUM(J$25:J25)=0),0,IF(K25>1,L25*I$20,G$5/C$5*3)) -> 0 | V25: =IF(OR(SUM(L$22:L25)=0,SUM(J$25:J25)=0),0,IF(J25>1,I25*I$20,G$5/C$5*3)) -> 0
A27: Amort. Annuel : | B27: =SUM(B22:B25) -> 462.82895
A29: Amortissement 3: | B29: =IF(OR(A6=""),"",A6) -> Exemple erreur 2 | E29: Date de fin présumée : | G29: =IF(C6,EDATE(B6,C6),"") -> 46393
A31: Calcul | B31: Amort.: | C31: Date achat : | D31: Date revente : | E31: Valeur résid.: | F31: TVA 21 %:
A32: Trimestre 1: | B32: =HLOOKUP(N$30,$O$31:$V$35,2) -> #N/A | D32: 45298 | E32: =IF(D32,I30*H32,"") -> 0 | F32: =IF(D32,E32*21%,"") -> 0
A33: Trimestre 2: | B33: =HLOOKUP(N$30,$O$31:$V$35,3) -> #N/A | E33: =IF(D33,I30*H33,"") | F33: =IF(D33,E33*21%,"")
A34: Trimestre 3: | B34: =HLOOKUP(N$30,$O$31:$V$35,4) -> #N/A | E34: =IF(D34,I30*H34,"") | F34: =IF(D34,E34*21%,"")
A35: Trimestre 4: | B35: =HLOOKUP(N$30,$O$31:$V$35,5) -> #N/A | E35: =IF(D35,I30*H35,"") | F35: =IF(D35,E35*21%,"")
A37: Amort. Annuel : | B37: =SUM(B32:B35) -> #N/A
A39: Amortissement 4: | B39: =IF(OR(A7=""),"",A7) | E39: Date de fin présumée : | G39: =IF(C7,EDATE(B7,C7),"")
A41: Calcul | B41: Amort.: | C41: Date achat : | D41: Date revente : | E41: Valeur résid.: | F41: TVA 21 %:
A42: Trimestre 1: | B42: =HLOOKUP(N$40,$O$41:$V$45,2) -> #N/A | E42: =IF(D42,I40*H42,"") | F42: =IF(D42,E42*21%,"")
A43: Trimestre 2: | B43: =HLOOKUP(N$40,$O$41:$V$45,3) -> #N/A | E43: =IF(D43,I40*H43,"") | F43: =IF(D43,E43*21%,"")
A44: Trimestre 3: | B44: =HLOOKUP(N$40,$O$41:$V$45,4) -> #N/A | E44: =IF(D44,I40*H44,"") | F44: =IF(D44,E44*21%,"")
A45: Trimestre 4: | B45: =HLOOKUP(N$40,$O$41:$V$45,5) -> #N/A | E45: =IF(D45,I40*H45,"") | F45: =IF(D45,E45*21%,"")
A47: Amort. Annuel : | B47: =SUM(B42:B45) -> #N/A
